 Dungeon Crawl Stone Soup version 0.27-a0-1513-g2aaa0cc67b (webtiles) character file.

Game seed: 14613311152216324662

45 blackman the Skirmisher (level 3, 0/30 HPs)
             Began as a Human Monk on July 9, 2021.
             Was a Priest of Makhleb.
             Succumbed to an adder's poison
             ... on level 3 of the Dungeon.
             The game lasted 00:05:45 (1910 turns).

blackman the Skirmisher (Human Monk)                Turns: 1910, Time: 00:05:46

Health: 0/30       AC:  8    Str: 10 (12) XL:     3   Next: 90%
Magic:  3/3        EV:  4    Int:  7 (10) God:    Makhleb [***...]
Gold:   105        SH:  3    Dex: 14 (15) Spells: 2/2 levels left

rFire    . . .     SeeInvis .   c - +0 hunting sling
rCold    . . .     Faith    .   f - +0 buckler
rNeg     . . .     Spirit   .   k - +0 chain mail
rPois    .         Reflect  .   (no helmet)
rElec    .         Harm     .   (no cloak)
rCorr    .         Rampage  .   (no gloves)
Will     .....                  (no boots)
Stlth    ..........             (no amulet)
HPRegen  0.10/turn              (no ring)
MPRegen  0.08/turn              (no ring)

@: lethally poisoned (0 -> -2)
A: no striking features
a: Renounce Religion, Minor Destruction, Lesser Servant of Makhleb


You were on level 3 of the Dungeon.
You worshipped Makhleb.
Makhleb was most pleased with you.
You visited 1 branch of the dungeon, and saw 3 of its levels.

You collected 105 gold pieces.

Inventory:

Hand Weapons
 a - a +0 hand axe
 c - a +0 hunting sling (weapon)
Missiles
 h - 14 stones (quivered ammo)
Armour
 b - a +0 robe
 f - a +0 buckler (worn)
 k - a +0 chain mail (worn)
Scrolls
 g - 2 scrolls of enchant weapon {unknown}
 i - a scroll of torment {unknown}
Potions
 d - a potion of degeneration
 e - a potion of brilliance {unknown}
 j - a potion of heal wounds {unknown}


   Skills:
 + Level 3.8 Fighting
 + Level 3.7 Axes
 + Level 0.2 Armour
 - Level 3.0 Dodging
 - Level 2.0 Stealth


You had 2 spell levels left.
You didn't know any spells.
Your spell library contained the following spells:

 Spells                   Type           Power      Damage    Failure   Level
 Corona                   Hex            0%         N/A       100%        1
 Ensorcelled Hibernation  Hex/Ice        0%         N/A       100%        2
 Conjure Flame            Conj/Fire      0%         6-21      100%        3
 Ignite Poison            Fire/Tmut/Pois 0%         N/A       100%        3
 Ozocubu's Armour         Ice            0%         N/A       100%        3
 Tukima's Dance           Hex            0%         N/A       100%        3
 Sticky Flame             Conj/Fire      0%         2d3       100%        4
 Ozocubu's Refrigeration  Ice            0%         4d5       100%        7


Dungeon Overview and Level Annotations

Branches:
Dungeon (3/15)

Altars:
Gozag
Makhleb


Message History

You shoot a stone. The stone misses the adder.
You feel sick. The adder bites you.
You are lethally poisoned!
The adder poisons you! The adder bites you but does no damage.
You are too injured to fight recklessly!
* * * LOW HITPOINT WARNING * * *
You feel sick.
* * * LOW HITPOINT WARNING * * *
You feel sick.
You are too injured to fight recklessly!
You are too injured to fight recklessly!
Okay, then.
Press: ? - help, Shift-Dir - straight line, f/p - adder
Aim: an adder (heavily wounded)
The zap hits the adder.
The adder is severely wounded.
The zap hits the adder.
The adder is almost dead.
The zap hits you but does no damage.
* * * LOW HITPOINT WARNING * * *
You feel sick. The adder barely misses you.
The adder bites you but does no damage.
Okay, then.
Press: ? - help, Shift-Dir - straight line, f/p - adder
Aim: an adder (almost dead)
The puff of flame misses the adder.
* * * LOW HITPOINT WARNING * * *
You feel sick. The adder bites you but does no damage.
Press: ? - help, Shift-Dir - straight line, f/p - adder
Aim: an adder (almost dead)
The adder writhes in agony.
You kill the adder!
Makhleb accepts your kill.
You feel better.
* * * LOW HITPOINT WARNING * * *
You feel sick.
It was a potion of degeneration.
There was something very wrong with that liquid.
You feel weakened.
You feel dopey.
You feel clumsy.
You die...

#.......#.....#
#.......#.....#
#.......#.....# .
#######.#[####### ...
.................
(.(.##############.#........
................##.#..######
(.(..((....####.##.#..####
#...#####..@.............. .
#..####.##.......#
#..####.##.#...#.#
#.[.....##.#...#
#.......##.#.....
#................#
#.#.....##.##.....
#.#####.##.# .... #.# #.#


There were no monsters in sight!

Vanquished Creatures
  An adder (D:3)
  2 dart slugs (D:1)
  4 endoplasms
  2 giant cockroaches
  3 goblins (D:2)
  6 hobgoblins
  2 quokkas
  4 bats (D:1)
  A kobold (D:1)
  2 rats (D:1)
27 creatures vanquished.

Notes
Turn   | Place    | Note
-------+----------+-------------------------------------------
     0 | D:1      | blackman the Human Monk began the quest for the Orb.
     0 | D:1      | Reached XP level 1. HP: 18/18 MP: 1/1
    73 | D:1      | Reached XP level 2. HP: 14/24 MP: 2/2
   303 | D:1      | Found a faded altar of an unknown god.
   358 | D:1      | Became a worshipper of Makhleb the Destroyer
   358 | D:1      | Reached * piety under Makhleb
   358 | D:1      | Reached ** piety under Makhleb
   890 | D:1      | Reached XP level 3. HP: 21/29 MP: 3/3
  1669 | D:2      | Found an opulent altar of Gozag.
  1805 | D:3      | Reached *** piety under Makhleb
  1909 | D:3      | HP: 1/30 [poisoned by an adder]
  1910 | D:3      | Succumbed to an adder's poison

Illustrated notes

Levels and vault maps discovered:
D:1:      onia_arrival_pentagram, layout_loops_ring,
          ebering_ecumenical_altar_abandoned, amcnicky_mini_corridor_feature
D:2:      layout_loops_cross, basic_altar
D:3:      layout_basic, minmay_misc_feat_encased, uniq_robin, uniq_jessica

Action                   || total
-------------------------++-------
Melee: Hand axe          ||    49
 Fire: Hunting sling     ||    40
Invok: Minor Destruction ||     3
  Use: Potion            ||     1
 Stab: Sleeping          ||     3
Armor: Robe              ||     9
       Chain mail        ||     6
Dodge: Dodged            ||    41
Block: Buckler           ||     3

Table legend: (Time is in decaauts)
 A = Elapsed time spent in this place.
 B = Non-inter-level travel time spent in this place.
 C = Inter-level travel time spent in this place.
 D = Time resting spent in this place.
 E = Time spent auto-exploring this place.
 F = Levels seen in this place.
 G = Mean time per level.
                   A        B        C        D        E       F      G
               +--------+--------+--------+--------+--------+-----+--------+
         Total |   1927 |   1745 |    182 |      0 |   1487 |   3 |  642.3 |
       Dungeon |   1927 |   1745 |    182 |      0 |   1487 |   3 |  642.3 |
               +--------+--------+--------+--------+--------+-----+--------+

Top non-repeatable levels by time:
     D:1: 1099 daAuts
     D:2: 653 daAuts
     D:3: 174 daAuts
